 Dungeon Crawl Stone Soup version 0.16-a0-3171-gce70061 (webtiles) character file.

959 PolkaDot the Caller (level 7, -2/56 HPs)
             Began as a Vampire Summoner on Dec 16, 2014.
             Was an Initiate of Sif Muna.
             Killed from afar by an orc wizard (9 damage)
             ... with a magic dart
             ... on level 6 of the Dungeon.
             The game lasted 00:20:30 (5138 turns).

PolkaDot the Caller (Vampire Summoner)              Turns: 5138, Time: 00:20:30

Health: -2/56      AC:  3    Str: 10    XL:     7   Next: 92%
Magic:  12/12      EV: 14    Int: 19    God:    Sif Muna [......]
Gold:   289        SH:  0    Dex: 14    Spells: 4 memorised, 0 levels left

rFire  . . .     SeeInvis +     o - +1 dagger (elec)
rCold  . . .     Clarity  .     h - +0 robe
rNeg   . . .     SustAb   .     (no shield)
rPois  .         Gourm    .     (no helmet)
rElec  .         Spirit   .     q - +0 cloak
rCorr  .         Warding  .     (no gloves)
rMut   .         Stasis   .     (no boots)
MR     .....                    (no amulet)
Stlth  ++........               t - ring of flight
                                p - ring of teleport control

@: mighty, regenerating very quickly, not resistant to hostile enchantments,
unstealthy
A: bottle blood, fangs 3, see invisible, spit poison 2, weak 1, unbreathing,
forlorn
a: Spit Poison, Renounce Religion, Evoke Flight, Evoke Teleport Control


You were on level 6 of the Dungeon.
You worshipped Sif Muna.
Sif Muna was noncommittal.
You were almost alive.

You visited 2 branches of the dungeon, and saw 7 of its levels.

You collected 289 gold pieces.

Inventory:

Hand weapons
 o - a +1 dagger of electrocution (weapon)
Missiles
 a - 2 throwing nets (quivered)
Armour
 h - a +0 robe (worn)
 q - a +0 cloak (worn)
Jewellery
 p - a ring of teleport control (left hand)
 t - a ring of flight (right hand)
Scrolls
 d - 4 scrolls of teleportation
 f - a scroll of magic mapping
 l - 2 scrolls of remove curse
 m - a scroll of enchant armour {unknown}
 n - 2 scrolls of blinking
 s - a scroll of fog
 u - a scroll of immolation
 v - a scroll of recharging {unknown}
Potions
 c - a potion of invisibility {unknown}
 e - a potion of magic
 g - 10 potions of blood {@*1}
 i - a potion of flight
 j - a potion of berserk rage {unknown}
 k - 2 potions of brilliance
Books
 b - a book of Callings

   Spells                             Type                      Level
   a - Summon Small Mammal            Summoning                    1
   b - Call Imp                       Summoning                    2
   c - Call Canine Familiar           Summoning                    3
   d - Summon Guardian Golem          Hexes/Summoning              4
   e - Summon Lightning Spire         Summoning/Air                4
   f - Summon Ice Beast               Ice/Summoning                4


   Skills:
 + Level 5.3 Fighting
 - Level 4.2 Dodging
 - Level 3.0 Stealth
 - Level 2.0 Spellcasting
 + Level 5.4 Summonings
 * Level 2.6 Ice Magic
 - Level 3.2 Evocations


You couldn't memorise any spells.
You knew the following spells:

 Your Spells              Type           Power        Failure   Level  Hunger
d - Call Canine Familiar  Summ           ###.....     8%          3    ###....
i - Summon Ice Beast      Ice/Summ       ###.....     34%         4    #####..
s - Call Imp              Summ           ###.....     3%          2    ###....
z - Summon Small Mammal   Summ           ###.         1%          1    #......


Dungeon Overview and Level Annotations

Branches:
Dungeon (6/15)             Temple (1/1) D:4

Altars:
Ashenzari
Cheibriados
Dithmenos
Elyvilon
Fedhas
Gozag
Kikubaaqudgha
Makhleb
Nemelex Xobeh
Okawaru
Qazlal
Ru
Sif Muna
Trog
Vehumet
Xom
Yredelemnul
Zin
The Shining One

Shops:
D:4 :


Innate Abilities, Weirdness & Mutations

Your natural rate of healing is extremely fast.
You can bottle blood from corpses.
You have razor-sharp teeth.
You have supernaturally acute eyesight.
You can survive without breathing.
You can spit moderately strong poison.
You are weak. (Str -2)
You have difficulty communicating with the divine.


Message History

You barely miss the orc priest.
The orc priest is lightly wounded.
The orc priest calls down the wrath of Beogh upon you.
Something smites you!
* * * LOW HITPOINT WARNING * * *
You barely miss the orc priest.
The orc priest is lightly wounded.
The orc wizard cheers loudly.
The orc priest closely misses you.
Drink which item? (? for menu, Esc to quit)
You feel very mighty all of a sudden.
The orc wizard gestures wildly while chanting.
The orc wizard flickers and vanishes for a moment.
The orc priest hits you with a trident!
* * * LOW HITPOINT WARNING * * *
You hit the orc priest.
There is a sudden explosion of sparks!
You kill the orc priest!
The orc wizard casts a spell at you. The magic dart hits you!
You die...

#
##.......#.###
#
#..###.###..#
# #..#
##.#.#.# ##
##.# ##.##.#
.# #.# ####.#
.####.# #.#
......# ##.##
.######
####...#####.#
.#
#......@oo...#
##
#.##...#######
# ##.## #.#
..# .### #. #


You could see an orc wizard (invisible) and an orc.

Vanquished Creatures
  An ogre (D:5)
  Duvessa (D:6)
  3 scorpions
  A water moccasin skeleton (D:6)
  Dowan (D:6)
  A crimson imp (D:5)
  3 orc priests
  An orc wizard (D:4)
  4 worker ants
  2 gnolls (D:6)
  6 adders
  A shadow imp (D:5)
  A giant mite (D:3)
  A worm (D:3)
  An adder skeleton (D:4)
  2 oozes
  11 orcs
  2 ball pythons
  11 bats
  10 hobgoblins
  4 jackals
  4 quokkas
  5 giant cockroaches
  2 giant geckos
  3 giant newts
  2 gnoll zombies (D:6)
  9 goblins
  9 kobolds
  A quokka zombie (D:5)
  7 rats
110 creatures vanquished.

Vanquished Creatures (collateral kills)
  2 goliath beetles (D:6)
  2 orc wizards (D:4)
  4 gnolls
  An adder (D:3)
  3 worms
  3 giant geckos
  4 orcs
  4 hobgoblins
  2 kobolds (D:1)
  A ball python (D:5)
  A giant newt (D:3)
  A rat (D:2)
28 creatures vanquished.

Vanquished Creatures (others)
  2 hounds
  3 white imps (D:6)
  2 bats (D:1)
7 creatures vanquished.

Grand Total: 145 creatures vanquished

Notes
Turn   | Place    | Note
--------------------------------------------------------------
     0 | D:1      | PolkaDot, the Vampire Summoner, began the quest for the Orb.
     0 | D:1      | Reached XP level 1. HP: 13/13 MP: 3/3
   140 | D:1      | Reached skill level 1 in Fighting
   255 | D:1      | Reached XP level 2. HP: 21/21 MP: 4/4
   513 | D:1      | Learned a level 2 spell: Call Imp
   700 | D:1      | Gained mutation: You can spit poison. [potion of mutation]
   700 | D:1      | Gained mutation: You are weak. (Str -2) [potion of mutation]
   700 | D:1      | Gained mutation: You are partially covered in molten scales (AC +1). [potion of mutation]
   701 | D:1      | Lost mutation: You are partially covered in molten scales (AC +1). [potion of mutation]
   701 | D:1      | Gained mutation: You have difficulty communicating with the divine. [potion of mutation]
   701 | D:1      | Gained mutation: You can spit moderately strong poison. [potion of mutation]
   957 | D:2      | Reached XP level 3. HP: 24/28 MP: 6/6
   978 | D:2      | Learned a level 3 spell: Call Canine Familiar
  1797 | D:3      | Reached XP level 4. HP: 22/35 MP: 0/7
  2640 | D:3      | Reached XP level 5. HP: 42/42 MP: 9/9
  2841 | D:4      | Reached skill level 1 in Evocations
  3001 | D:4      | Reached XP level 6. HP: 27/49 MP: 10/10
  3338 | D:4      | Found a staircase to the Ecumenical Temple.
  3348 | Temple   | Entered the Ecumenical Temple
  3458 | Temple   | Became a worshipper of Sif Muna the Loreminder
  3488 | D:4      | Found Geifa's Book Emporium.
  3604 | D:5      | Entered Level 5 of the Dungeon
  3663 | D:5      | Reached XP level 7. HP: 53/55 MP: 12/12
  4007 | D:5      | Learned a level 4 spell: Summon Ice Beast
  4396 | D:6      | Noticed Dowan
  4401 | D:6      | Noticed Duvessa
  4401 | D:6      | Reached skill level 5 in Fighting
  4401 | D:6      | Reached skill level 1 in Ice Magic
  4431 | D:6      | Killed Duvessa
  4431 | D:6      | Reached skill level 5 in Summonings
  4433 | D:6      | Killed Dowan
  5085 | D:6      | Found a basalt altar of Yredelemnul.
  5138 | D:6      | Killed from afar by an orc wizard

Action                   |  1- 3 |  4- 6 |  7- 9 || total
-------------------------+-------+-------+-------++-------
Melee: Unarmed           |   123 |       |       ||   123
       Dagger            |    76 |    87 |   132 ||   295
       Spear             |       |   123 |       ||   123
 Cast: Summon Small Mamm |    11 |       |       ||    11
       Call Imp          |     5 |     2 |     8 ||    15
       Call Canine Famil |     2 |     5 |     4 ||    11
 Abil: Spit Poison       |     6 |       |       ||     6
  Use: Potion            |    11 |    14 |    13 ||    38
       Scroll            |     4 |     4 |     4 ||    12
 Stab: Sleeping          |     6 |    16 |     6 ||    28
       Distracted        |       |     2 |       ||     2
  Eat: Corpse            |    11 |     1 |       ||    12
